 Dungeon Crawl Stone Soup version 0.30.1-10-g1249ef9ec4 (webtiles) character file.

Game seed: 16978443893948282296

126 lonewolfV2 the Covered (level 4, -3/35 HPs)
             Began as a Demonspawn Fighter on Oct 26, 2023.
             Slain by a sky beast (4 damage)
             ... on level 4 of the Dungeon.
             The game lasted 00:02:13 (1762 turns).

lonewolfV2 the Covered (Demonspawn Fighter)         Turns: 1762, Time: 00:02:13

Health: -3/35      AC:  8    Str: 19    XL:     4   Next: 84%
Magic:  4/4        EV: 10    Int:  9    God:
Gold:   58         SH:  4    Dex: 12    Spells: 3/3 levels left

rFire   . . .        a - +0 war axe
rCold   . . .        c - +0 buckler
rNeg    . . .        b - +0 scale mail
rPois   .            k - +0 helmet
rElec   .            (no cloak)
rCorr   .            (no gloves)
SInv    .            (no boots)
Will    .....        (no amulet) Stlth
                     (no ring)
HPRegen 0.25/turn    (no ring)
MPRegen 0.09/turn

%: no passive effects
@: no status effects
A: claws 1, demonic guardian 1
a: no special abilities


You were on level 4 of the Dungeon.
You visited 1 branch of the dungeon, and saw 3 of its levels.

You collected 58 gold pieces.

Inventory:

Hand Weapons
 a - a +0 war axe (weapon)
Armour
 b - a +0 scale mail (worn)
 c - a +0 buckler (worn)
 k - a +0 helmet (worn)
Jewellery
 n - a +4 ring of slaying
Scrolls
 g - a scroll of poison
 l - a scroll of fear {unknown}
 m - a scroll of magic mapping {unknown}
 o - a scroll of identify
Potions
 d - a potion of might
 e - 2 potions of curing {unknown}
 f - a potion of invisibility {unknown}
 h - 3 potions of flight
 i - 2 potions of berserk rage {unknown}
 j - a potion of degeneration {unknown}


   Skills:
 - Level 3.0 Fighting
 - Level 1.7 Axes
 + Level 3.6 Armour
 * Level 3.3 Dodging
 - Level 2.6 Shields


You had 3 spell levels left.
You didn't know any spells.
Your spell library contained the following spells:

 Spells                   Type           Power      Damage    Failure   Level
 Shock                    Conj/Air       0%         1d3       83%         1
 Swiftness                Air            0%         N/A       99%         3
 Airstrike                Air            0%         2d(0-16)  100%        4


Dungeon Overview and Level Annotations

Branches:
Dungeon (2/15)

Altars:


Innate Abilities, Weirdness & Mutations

You have sharp fingernails.
A weak demonic guardian rushes to your aid.


Message History

Your quasit disappears in a puff of smoke!
You see here a hound corpse.
There is a stone staircase leading down here.
A sky beast comes into view.
A sky beast is nearby!
A sky beast is nearby!
A sky beast is nearby!
The sky beast flickers out of sight!
Deactivating autopickup; reactivate with Ctrl-A.
You miss something. Something hits you. Something shocks you.
Something hits you but does no damage. Something hits you but does no damage.
Something hits you but does no damage. Something hits you but does no damage.
Something hits you but does no damage. Something hits you but does no damage.
A sky beast appears from thin air!
Reactivating autopickup.
The sky beast hits you. The sky beast shocks you.
The sky beast hits you but does no damage.
You block the sky beast's attack. The sky beast barely misses you.
The sky beast flickers out of sight!
Deactivating autopickup; reactivate with Ctrl-A.
Something hits you but does no damage. Something hits you but does no damage.
Something hits you but does no damage. Something hits you but does no damage.
Something hits you. Something shocks you. Something hits you.
Something shocks you.
* * * LOW HITPOINT WARNING * * *
A demonic guardian appears!
Something hits you.
* * * LOW HITPOINT WARNING * * *
Something shocks you.
* * * LOW HITPOINT WARNING * * *
A sky beast appears from thin air!
Reactivating autopickup.
The sky beast hits you.
You die...

#.....###########
#....>## #......#
#......## ##
#....#..######...#
######...........+
#####.###...#
#5### # #.@Y#
###.....# #....#
....# ...# .....
.... ....


You could see a sky beast and a friendly quasit (summoned).

Vanquished Creatures
  An adder (D:2)
  A gnoll (D:4)
  3 ball pythons (D:1)
  2 bats
  2 endoplasms (D:1)
  6 giant cockroaches
  6 goblins
  5 hobgoblins (D:1)
  A quokka (D:2)
  5 frilled lizards
  4 kobolds
  6 rats
42 creatures vanquished.

Vanquished Creatures (collateral kills)
  A hound (D:4)
  3 gnolls (D:4)
  An endoplasm (D:2)
  A goblin (D:4)
  2 ball pythons
  A kobold (D:2)
9 creatures vanquished.

Grand Total: 51 creatures vanquished

Notes
Turn   | Place    | Note
-------+----------+-------------------------------------------
     0 | D:1      | lonewolfV2 the Demonspawn Fighter began the quest for the
                  | Orb.
     0 | D:1      | Reached XP level 1. HP: 18/18 MP: 1/1
    78 | D:1      | Reached skill level 1 in Dodging
    81 | D:1      | Gained mutation: A weak demonic guardian rushes to your
                  | aid. [demonic ancestry]
    81 | D:1      | Reached XP level 2. HP: 16/24 MP: 2/2
   476 | D:1      | Reached XP level 3. HP: 29/29 MP: 3/3
  1366 | D:2      | You fall into a shaft and drop 2 floors!
  1385 | D:4      | Gained mutation: You have sharp fingernails. [demonic
                  | ancestry]
  1385 | D:4      | Reached XP level 4. HP: 25/35 MP: 4/4
  1740 | D:4      | Noticed a sky beast
  1761 | D:4      | HP: 1/35 [something (5)]
  1762 | D:4      | Slain by a sky beast

Illustrated notes

Levels and vault maps discovered:
D:1:      dpeg_arrival_lava_temple_mockup, layout_rooms, minmay_curled_crystal
D:2:      layout_basic, chequers_serial_rivers_micro_b
D:4:      layout_basic

Skill      XL: |  1  2  3  4 |
---------------+-------------+-----
Dodging        | 1 2 3 |  3.3
Armour         | 3 |  3.6
Fighting       | |  3.0
Axes           | |  1.7
Shields        | |  2.6

Action                     |  1- 3 |  4- 6 || total
---------------------------+-------+-------++-------
  Melee: War axe           |    95 |     4 ||    99
    Use: Scroll            |     2 |       ||     2
 Armour: Scale mail        |    46 |    31 ||    77
  Dodge: Dodged            |    67 |    19 ||    86
  Block: Buckler           |    30 |    13 ||    43
